 Dungeon Crawl Stone Soup version 0.31-a0-198-g2ad674f65e (webtiles) character file.

Game seed: 12675541792830006425

59 qw the Shooter (level 3, 0/20 HPs)
             Began as a Deep Elf Hunter on June 25, 2023.
             Slain by a gnoll
             ... wielding a +0 spear
              (7 damage)
             ... on level 3 of the Dungeon.
             The game lasted 00:00:35 (1549 turns).

qw the Shooter (Deep Elf Hunter)                    Turns: 1549, Time: 00:00:35

Health: 0/20       AC:  6    Str: 10    XL:     3   Next: 78%
Magic:  5/5        EV: 14    Int: 13    God:
Gold:   101        SH:  0    Dex: 18    Spells: 2/2 levels left

rFire   . . .        Y - +0 shortbow
rCold   . . .        (shield currently unavailable)
rNeg    . . .        f - +0 scale mail
rPois   .            (no helmet)
rElec   .            (no cloak)
rCorr   .            (no gloves)
SInv    .            (no boots)
Will    .....        (no amulet)
Stlth   +            b - +5 ring of evasion
HPRegen 0.23/turn    (no ring)
MPRegen 0.09/turn

%: no passive effects
@: no status effects
A: no striking features
a: no special abilities


You were on level 3 of the Dungeon.
You visited 1 branch of the dungeon, and saw 3 of its levels.

You collected 101 gold pieces.


   Skills:
 - Level 1.5 Fighting
 + Level 7.3 Ranged Weapons
 - Level 2.4 Dodging
 - Level 1.2 Stealth


You had 2 spell levels left.
You didn't know any spells.
Your spell library was empty.

Inventory:

Hand Weapons
 Y - a +0 shortbow (weapon)
Armour
 d - a +0 ring mail
 f - a +0 scale mail (worn)
Jewellery
 b - a +5 ring of evasion (left hand)
 c - an amulet of guardian spirit
Scrolls
 a - a scroll of identify
Potions
 e - 2 potions of berserk rage {unknown}
 k - 3 potions of curing

Dungeon Overview and Level Annotations

Branches:
Dungeon (3/15)

Altars:
Xom

Shops:
D:1 [   D:3 [

Annotations:
D:3 exclusion: gnoll


Message History

There is a stone staircase leading down here.
There is an entrance to Jilutuitt's Armour Shop here.
1485 ||| SHOPLISTING +2 robe of fire resistance (212 gold, have 101).
You can access your shopping list by pressing '$'.
A bat comes into view.
The bat completely misses you.
You shoot an arrow. The arrow hits the bat.
You kill the bat!
You see here a bat corpse.
e - 2 golden potions
Found a shimmering altar of Xom.
There is a fountain of clear blue water here.
Found two shimmering altars of Xom.
There is a fountain of clear blue water here.
Found a book of Lightning.
Found a stone staircase leading down.
You see here a book of Lightning.
A gnoll comes into view. It is wielding a +0 spear.
You shoot an arrow. The arrow barely misses the gnoll.
The gnoll shouts!
You shoot an arrow. The arrow closely misses the gnoll.
You shoot an arrow. The arrow hits the gnoll.
The gnoll is heavily wounded.
The gnoll hits you from afar with a +0 spear.
You shoot an arrow. The arrow barely misses the gnoll.
The gnoll hits you from afar with a +0 spear.
1545 ||| UPGRADING to +0 ring mail.
The gnoll barely misses you.
You start removing your armour.
You continue taking off your +0 scale mail.
The gnoll hits you but does no damage.
You stop removing your armour.
1547 ||| UPGRADING to +0 ring mail.
The gnoll misses you.
You start removing your armour.
You continue taking off your +0 scale mail.
The gnoll hits you from afar with a +0 spear.
You stop removing your armour.
1549 ||| UPGRADING to +0 ring mail.
The gnoll hits you from afar with a +0 spear!
You stop removing your armour.
You die...

### #}#### #.. #.
.##. #.###.~7_^##
#>##^77...7#
#.##.~¤¤~.~#
#..}¤~.¤^.~}
#######.##.¤~#.^7#
#........#..¤.^~~#
#@#....:.##_.¤~###
#.#.#####.##7.~##.
#g#.# #.# #}##..
#.#.# #.# #.##..
#.#.# #.# #.....
....# #.# ####..
#.### #.#####...
#.# #.......##
#########


You could see a gnoll.

Vanquished Creatures
  An adder (D:2)
  A dart slug (D:1)
  4 ball pythons (D:1)
  7 endoplasms
  8 goblins
  5 hobgoblins
  4 jackals (D:1)
  2 kobolds
  A quokka (D:1)
  2 bats
  2 frilled lizards
  4 rats (D:1)
41 creatures vanquished.

Notes
Turn   | Place    | Note
-------+----------+-------------------------------------------
     0 | D:1      | qw the Deep Elf Hunter began the quest for the Orb.
     0 | D:1      | Reached XP level 1. HP: 12/12 MP: 3/3
     0 | D:1      | 0 ||| qw: Version: 0.3-a-22-g0ed2b0b
     0 | D:1      | 0 ||| qw: Game counter: 4986
     0 | D:1      | 0 ||| qw: Melee chars always use a shield: true
     0 | D:1      | 0 ||| qw: God list: Okawaru
     0 | D:1      | 0 ||| qw: Allow faded altars: false
     0 | D:1      | 0 ||| qw: Do Orc after clearing Dungeon:15 true
     0 | D:1      | 0 ||| qw: Do second Lair branch before Depths: true
     0 | D:1      | 0 ||| qw: Lair rune preference: random
     0 | D:1      | 0 ||| qw: Goals: Normal
     0 | D:1      | 0 ||| PLANNING D:1-11
    93 | D:1      | Reached XP level 2. HP: 16/16 MP: 4/4
   121 | D:1      | Reached skill level 6 in Ranged Weapons
   400 | D:1      | Reached XP level 3. HP: 20/20 MP: 5/5
   570 | D:1      | Found Giuneeps's Armour Shoppe.
   578 | D:1      | 578 ||| SHOPLISTING +0 cloak (49 gold, have 38).
   578 | D:1      | 578 ||| SHOPLISTING +0 ring mail (44 gold, have 38).
   578 | D:1      | 578 ||| SHOPLISTING +1 leather armour of poison resistance
                  | (121 gold, have 38).
   578 | D:1      | 578 ||| SHOPLISTING +1 pair of gloves of hurling (181 gold,
                  | have 38).
   578 | D:1      | 578 ||| SHOPLISTING +4 ring mail of fire resistance (341
                  | gold, have 38).
   778 | D:1      | 778 ||| UPGRADING to +0 scale mail.
   788 | D:1      | 788 ||| DROPPING +0 leather armour.
   789 | D:1      | 789 ||| READING 6 scrolls labelled OPLELA QAFIJAD.
   790 | D:1      | 790 ||| READING scroll labelled DUCHIT ULESHRU.
   791 | D:1      | 791 ||| READING scroll labelled WYCHIA OPOI.
   792 | D:1      | 792 ||| READING 5 scrolls of identify.
   792 | D:1      | 792 ||| IDENTIFYING black potion
   793 | D:1      | 793 ||| READING 4 scrolls of identify.
   793 | D:1      | 793 ||| IDENTIFYING yellow potion
   794 | D:1      | 794 ||| READING 3 scrolls of identify.
   794 | D:1      | 794 ||| IDENTIFYING bubbling yellow potion
   795 | D:1      | 795 ||| READING 2 scrolls of identify.
   795 | D:1      | 795 ||| IDENTIFYING green potion
   796 | D:1      | 796 ||| DROPPING scroll of butterflies.
   797 | D:1      | 797 ||| DROPPING potion of brilliance.
   798 | D:1      | 798 ||| DROPPING potion of magic.
   799 | D:1      | 799 ||| DROPPING potion of lignification.
   829 | D:2      | Identified the +2 dagger of War {drain, rC- MP+9 Str+3
                  | Dex+4}
   914 | D:2      | Reached skill level 7 in Ranged Weapons
   914 | D:2      | Found a faded altar of an unknown god.
  1425 | D:2      | 1425 ||| UPGRADING to +5 ring of evasion.
  1426 | D:2      | 1426 ||| READING scroll labelled JAELEGUTTO.
  1427 | D:2      | 1427 ||| READING 2 scrolls of identify.
  1427 | D:2      | 1427 ||| IDENTIFYING amethyst potion
  1428 | D:2      | 1428 ||| DROPPING potion of ambrosia.
  1477 | D:3      | Found Jilutuitt's Armour Shop.
  1485 | D:3      | 1485 ||| SHOPLISTING +2 robe of fire resistance (212 gold,
                  | have 101).
  1516 | D:3      | Found a shimmering altar of Xom.
  1520 | D:3      | Found a shimmering altar of Xom.
  1520 | D:3      | Found a shimmering altar of Xom.
  1545 | D:3      | 1545 ||| UPGRADING to +0 ring mail.
  1547 | D:3      | 1547 ||| UPGRADING to +0 ring mail.
  1549 | D:3      | 1549 ||| UPGRADING to +0 ring mail.
  1549 | D:3      | Slain by a gnoll

Levels and vault maps discovered:
D:1:      dpeg_arrival_boxes_within_box, layout_basic, serial_shops, shop
D:2:      layout_loops_ring, ebering_ecumenical_altar_box
D:3:      layout_loops_ring, xom_redecorated,
          pdpol_temple_overflow_zin_treasury_gozag_greed, serial_shops, shop,
          minmay_misc_feat_four_crosses

Skill      XL: |  1  2  3 |
---------------+----------+-----
Ranged Weapons | 6 7 |  7.3
Fighting       | |  1.5
Dodging        | |  2.4
Stealth        | |  1.2

Action                     || total
---------------------------++-------
   Fire: Shortbow          ||   107
    Use: Scroll            ||     9
 Armour: Leather armour    ||    11
         Scale mail        ||     8
  Dodge: Dodged            ||    48

Table legend:
 A = Non-vault XP
 B = Vault XP
 C = Vault XP percentage of total XP
 D = Non-vault monster count
 E = Vault monster count
 F = Vault count percentage of total count
                 A         B        C        D         E       F
            +---------+---------+-------+---------+---------+-------
      Total |      85 |       0 |   0.0 |      41 |       0 |   0.0
            +---------+---------+-------+---------+---------+-------
        D:1 |      58 |       0 |   0.0 |      32 |       0 |   0.0
        D:2 |      23 |       0 |   0.0 |       7 |       0 |   0.0
        D:3 |       4 |       0 |   0.0 |       2 |       0 |   0.0
            +---------+---------+-------+---------+---------+-------
